General information
- name: BNet
- type: Ladder team game (AT/RT)
- host: Battle.net
- saver: ImHere
map: Cherryville
- players: 8
- length: 23:32
- speed: Fast
- version: 1.28 W3XP
- replay type: Public
» download(197 KB)
Players
team 1 (loser)
TakkSTAR (
orange | 107 APM | 2521 actions | 23:28)
4 Demon Hunter
2 Mana Burn
2 Evasion
3 Naga Sea Witch
1 Frost Arrows
2 Forked Lightning
» actions
| Assign group hotkey | 11 | |
| Basic commands | 53 | |
| Build / train | 56 | |
| ESC pressed | 1 | |
| Enter build submenu | 11 | |
| Enter hero's abilities submenu | 7 | |
| Give item / drop item | 2 | |
| Remove unit from queue | 2 | |
| Right click | 1241 | |
| Select / deselect | 376 | |
| Select group hotkey | 719 | |
| Use ability | 42 | |
2521 total
» units
» upgrades
| Strength of the Wild | 3 | |
| Reinforced Hides | 3 | |
| Abolish Magic | 1 | |
7 total
» buildings
| Altar of Elders | 1 | |
| Moon Well | 5 | |
| Tree of Ages | 1 | |
| Tree of Eternity | 1 | |
| Ancient of Wonders | 1 | |
| Hunter's Hall | 1 | |
| Ancient of Lore | 2 | |
| Tree of Life | 1 | |
13 total
» build order
00:05 Altar of Elders
00:18 Moon Well
01:27 Moon Well
04:27 Tree of Ages
07:05 Tree of Eternity
08:36 Ancient of Wonders
12:46 Hunter's Hall
12:59 Moon Well
13:53 Ancient of Lore
13:56 Ancient of Lore
15:57 Moon Well
18:52 Moon Well
21:12 Tree of Life
» items
| Staff of Teleportation | 1 | |
| Boots of Speed | 1 | |
| Staff of Preservation | 2 | |
| Orb of Venom | 1 | |
| Scroll of Town Portal | 2 | |
| Potion of Healing | 1 | |
8 total

»
'''LADY''' (
red | 69 APM | 1570 actions | 22:49)
5 Death Knight
2 Death Coil
3 Unholy Aura
3 Dreadlord
2 Vampiric Aura
1 Sleep
3 Lich
2 Frost Nova
1 Dark Ritual
» actions
| Assign group hotkey | 59 | |
| Build / train | 73 | |
| Enter build submenu | 12 | |
| Enter hero's abilities submenu | 11 | |
| Give item / drop item | 7 | |
| Remove unit from queue | 10 | |
| Right click | 658 | |
| Select / deselect | 355 | |
| Select group hotkey | 305 | |
| Use ability | 80 | |
1570 total
» units
| Acolyte | 2 | |
| Ghoul | 22 | |
| Crypt Fiend | 6 | |
30 total
» upgrades
| Cannibalize | 1 | |
| Unholy Armor | 2 | |
| Unholy Strength | 1 | |
| Creature Attack | 2 | |
| Ghoul Frenzy | 1 | |
| Creature Carapace | 2 | |
| Web | 1 | |
10 total
» buildings
| Ziggurat | 6 | |
| Crypt | 3 | |
| Altar of Darkness | 1 | |
| Halls of the Dead | 1 | |
| Graveyard | 1 | |
| Black Citadel | 1 | |
| Tomb of Relics | 1 | |
| Spirit Tower | 1 | |
15 total
» build order
00:14 Ziggurat
00:20 Crypt
00:25 Altar of Darkness
01:02 Crypt
01:06 Crypt
01:25 Ziggurat
01:54 Ziggurat
02:13 Ziggurat
03:53 Halls of the Dead
04:44 Graveyard
06:19 Black Citadel
07:02 Ziggurat
07:08 Ziggurat
07:11 Tomb of Relics
20:23 Spirit Tower
» items
| Scroll of Healing | 1 | |
| Scroll of Town Portal | 4 | |
| Scroll of Protection | 1 | |
6 total
ImHere (
purple | 9 APM | 213 actions | 23:32)
» actions
| Basic commands | 65 | |
| Build / train | 1 | |
| Enter build submenu | 9 | |
| Right click | 34 | |
| Select / deselect | 88 | |
| Use ability | 15 | |
213 total
» units
» buildings
» build order
00:58 Farm
00:59 Farm
01:00 Farm
01:01 Farm
01:12 Farm
01:23 Farm
02:06 Scout Tower
blue_suck (
yellow | 134 APM | 3077 actions | 22:58)
4 Demon Hunter
2 Mana Burn
2 Evasion
1 Keeper of the Grove
1 Entangling Roots
» actions
| Assign group hotkey | 27 | |
| Basic commands | 2 | |
| Build / train | 65 | |
| Enter build submenu | 18 | |
| Enter hero's abilities submenu | 5 | |
| Right click | 1337 | |
| Select / deselect | 349 | |
| Select group hotkey | 1181 | |
| Use ability | 93 | |
3077 total
» units
| Wisp | 29 | |
| Archer | 2 | |
| Huntress | 1 | |
| Druid of the Claw | 4 | |
| Dryad | 5 | |
41 total
» upgrades
| Reinforced Hides | 3 | |
| Strength of the Wild | 3 | |
| Druid of the Claw Training | 2 | |
| Abolish Magic | 1 | |
| Nature's Blessing | 1 | |
10 total
» buildings
| Altar of Elders | 1 | |
| Moon Well | 6 | |
| Ancient of War | 1 | |
| Tree of Life | 3 | |
| Tree of Ages | 1 | |
| Hunter's Hall | 1 | |
| Ancient of Lore | 3 | |
| Tree of Eternity | 1 | |
| Ancient of Wonders | 1 | |
18 total
» build order
00:08 Altar of Elders
00:19 Moon Well
00:58 Ancient of War
01:25 Moon Well
03:35 Tree of Life
03:48 Tree of Ages
04:25 Tree of Life
05:53 Hunter's Hall
06:09 Moon Well
06:34 Moon Well
07:11 Ancient of Lore
07:14 Ancient of Lore
07:17 Ancient of Lore
08:26 Tree of Eternity
09:07 Moon Well
12:40 Moon Well
15:13 Ancient of Wonders
16:35 Tree of Life
» items
| Scroll of Town Portal | 3 | |
| Staff of Preservation | 1 | |
| Orb of Venom | 1 | |
5 total
team 2 (winner)
HornyPeons (
green | 80 APM | 1888 actions | 23:32)
6 Mountain King
3 Storm Bolt
2 Bash
1 Avatar
» actions
| Assign group hotkey | 47 | |
| Basic commands | 230 | |
| Build / train | 168 | |
| ESC pressed | 1 | |
| Enter build submenu | 43 | |
| Enter hero's abilities submenu | 6 | |
| Give item / drop item | 1 | |
| Right click | 397 | |
| Select / deselect | 276 | |
| Select group hotkey | 593 | |
| Use ability | 124 | |
1888 total
» units
| Peasant | 18 | |
| Footman | 10 | |
| Dragonhawk Rider | 8 | |
| Goblin Zeppelin | 1 | |
| Goblin Shredder | 1 | |
| Flying Machine | 10 | |
| Mortar Team | 15 | |
63 total
» upgrades
| Defend | 1 | |
| Masonry | 2 | |
| Lumber Harvesting | 2 | |
| Gunpowder | 4 | |
| Swords | 3 | |
| Armor | 4 | |
| Flying Machine Bombs | 1 | |
| Flak Cannons | 1 | |
| Fragmentation Shards | 1 | |
| Flare | 1 | |
| Barrage | 1 | |
| Plating | 2 | |
23 total
» buildings
| Barracks | 1 | |
| Altar of Kings | 1 | |
| Farm | 11 | |
| Lumber Mill | 2 | |
| Arcane Vault | 3 | |
| Town Hall | 1 | |
| Scout Tower | 10 | |
| Arcane Tower | 1 | |
| Keep | 3 | |
| Guard Tower | 16 | |
| Blacksmith | 2 | |
| Gryphon Aviary | 2 | |
| Castle | 1 | |
| Workshop | 4 | |
58 total
» build order
00:15 Barracks
00:20 Altar of Kings
00:35 Farm
00:50 Farm
01:34 Farm
02:14 Farm
03:19 Lumber Mill
03:48 Arcane Vault
04:39 Town Hall
04:47 Scout Tower
05:59 Arcane Tower
06:20 Scout Tower
06:21 Scout Tower
06:22 Scout Tower
06:23 Scout Tower
06:26 Keep
06:27 Keep
06:43 Scout Tower
06:44 Scout Tower
06:45 Scout Tower
06:58 Guard Tower
06:58 Guard Tower
07:01 Blacksmith
07:15 Guard Tower
07:17 Guard Tower
07:17 Guard Tower
07:20 Scout Tower
07:20 Scout Tower
07:24 Blacksmith
07:50 Guard Tower
07:50 Guard Tower
08:20 Guard Tower
08:20 Guard Tower
08:20 Guard Tower
08:20 Guard Tower
08:24 Guard Tower
09:27 Gryphon Aviary
09:29 Gryphon Aviary
09:59 Arcane Vault
10:03 Arcane Vault
10:54 Farm
10:57 Farm
12:42 Castle
12:48 Farm
13:36 Workshop
13:39 Workshop
13:51 Workshop
14:13 Farm
14:13 Farm
14:34 Farm
14:35 Farm
15:10 Workshop
17:28 Lumber Mill
» items
| Scroll of Regeneration | 3 | |
| Lesser Clarity Potion | 3 | |
| Healing Salve | 2 | |
| Scroll of Town Portal | 5 | |
| Scroll of Speed | 1 | |
| Scroll of Healing | 1 | |
| Orb of Corruption | 1 | |
| Potion of Lesser Invulnerability | 1 | |
17 total
fucheurope (
blue | 64 APM | 1515 actions | 23:32)
5 Far Seer
3 Feral Spirit
2 Chain Lighting
» actions
| Assign group hotkey | 32 | |
| Basic commands | 219 | |
| Build / train | 73 | |
| Enter build submenu | 17 | |
| Enter hero's abilities submenu | 5 | |
| Give item / drop item | 2 | |
| Right click | 440 | |
| Select / deselect | 282 | |
| Select group hotkey | 329 | |
| Use ability | 116 | |
1515 total
» units
| Peon | 10 | |
| Demolisher | 4 | |
| Troll Headhunter/Berserker | 16 | |
30 total
» upgrades
| Ranged Weapons | 2 | |
| Burning Oil | 1 | |
| Reinforced Defenses | 1 | |
| Troll Regeneration | 1 | |
| Berserker Upgrade | 2 | |
| Spiked Barricades | 3 | |
| Armor | 2 | |
12 total
» buildings
| Altar of Storms | 1 | |
| Orc Burrow | 5 | |
| Voodoo Lounge | 1 | |
| Stronghold | 3 | |
| War Mill | 1 | |
| Barracks | 2 | |
| Fortress | 2 | |
| Watch Tower | 5 | |
| Great Hall | 1 | |
21 total
» build order
00:08 Altar of Storms
00:14 Orc Burrow
00:50 Voodoo Lounge
01:28 Orc Burrow
02:28 Stronghold
02:28 Stronghold
03:05 War Mill
03:33 Orc Burrow
04:10 Barracks
04:12 Barracks
04:41 Orc Burrow
04:49 Fortress
04:49 Fortress
08:49 Watch Tower
10:48 Watch Tower
10:50 Watch Tower
13:51 Orc Burrow
16:09 Watch Tower
17:38 Watch Tower
20:17 Great Hall
» items
| Healing Salve | 1 | |
| Lesser Clarity Potion | 3 | |
| Scroll of Town Portal | 6 | |
| Potion of Healing | 3 | |
| Scroll of Speed | 2 | |
15 total
samson2309 (
pink | 58 APM | 1355 actions | 23:32)
5 Death Knight
3 Death Coil
2 Unholy Aura
» actions
| Assign group hotkey | 24 | |
| Build / train | 68 | |
| Enter build submenu | 17 | |
| Enter hero's abilities submenu | 5 | |
| Remove unit from queue | 1 | |
| Right click | 740 | |
| Select / deselect | 185 | |
| Select group hotkey | 272 | |
| Use ability | 43 | |
1355 total
» units
| Acolyte | 9 | |
| Ghoul | 8 | |
| Crypt Fiend | 20 | |
37 total
» upgrades
» buildings
| Ziggurat | 7 | |
| Crypt | 3 | |
| Altar of Darkness | 1 | |
| Graveyard | 1 | |
| Nerubian Tower | 2 | |
| Halls of the Dead | 4 | |
| Spirit Tower | 8 | |
| Necropolis | 2 | |
| Tomb of Relics | 1 | |
| Sacrificial Pit | 1 | |
30 total
» build order
00:30 Ziggurat
00:34 Crypt
00:42 Altar of Darkness
01:05 Ziggurat
01:21 Graveyard
01:36 Nerubian Tower
01:37 Nerubian Tower
02:34 Ziggurat
03:29 Halls of the Dead
03:29 Halls of the Dead
04:25 Spirit Tower
04:26 Spirit Tower
04:45 Spirit Tower
04:45 Spirit Tower
05:55 Necropolis
07:37 Halls of the Dead
07:55 Halls of the Dead
11:43 Ziggurat
12:37 Spirit Tower
12:37 Spirit Tower
13:44 Tomb of Relics
16:01 Ziggurat
17:57 Necropolis
19:04 Spirit Tower
20:27 Ziggurat
21:08 Crypt
23:15 Crypt
23:22 Ziggurat
23:28 Sacrificial Pit
» items
| Scroll of Town Portal | 2 | |
| Potion of Healing | 1 | |
| Potion of Mana | 2 | |
5 total
harmlessopa (
teal | 129 APM | 3035 actions | 23:32)
5 Death Knight
2 Death Coil
3 Unholy Aura
4 Crypt Lord
2 Carrion Beetles
2 Spiked Carapace
» actions
| Assign group hotkey | 46 | |
| Build / train | 64 | |
| Enter build submenu | 21 | |
| Enter hero's abilities submenu | 10 | |
| Give item / drop item | 4 | |
| Remove unit from queue | 1 | |
| Right click | 1282 | |
| Select / deselect | 245 | |
| Select group hotkey | 1310 | |
| Use ability | 52 | |
3035 total
» units
| Acolyte | 13 | |
| Ghoul | 4 | |
| Crypt Fiend | 10 | |
| Frost Wyrm | 6 | |
33 total
» upgrades
| Creature Attack | 3 | |
| Creature Carapace | 3 | |
| Web | 1 | |
| Freezing Breath | 1 | |
8 total
» buildings
| Crypt | 1 | |
| Altar of Darkness | 1 | |
| Ziggurat | 9 | |
| Graveyard | 1 | |
| Halls of the Dead | 1 | |
| Black Citadel | 1 | |
| Sacrificial Pit | 1 | |
| Tomb of Relics | 1 | |
| Boneyard | 1 | |
| Spirit Tower | 2 | |
| Slaughterhouse | 1 | |
20 total
» build order
00:14 Crypt
00:17 Altar of Darkness
00:28 Ziggurat
01:04 Graveyard
01:42 Ziggurat
02:42 Halls of the Dead
04:53 Ziggurat
05:52 Black Citadel
07:40 Sacrificial Pit
07:43 Ziggurat
07:55 Tomb of Relics
09:01 Boneyard
09:32 Spirit Tower
12:03 Ziggurat
12:35 Ziggurat
14:57 Ziggurat
15:01 Spirit Tower
16:09 Ziggurat
21:00 Ziggurat
23:15 Slaughterhouse
» items
| Scroll of Town Portal | 5 | |
| Orb of Corruption | 1 | |
| Orb of Lightning | 1 | |
7 total
Chat log
(00:09 / Allies) '''LADY''': 100 plz
(00:19 / Allies) TakkSTAR: red
(00:21 / Allies) TakkSTAR: want pool?
(00:26 / Allies) '''LADY''': ty
(00:28 / Allies) '''LADY''': pool?
(00:31 / Allies) TakkSTAR: ...
(00:32 / Allies) '''LADY''': feed ?
(00:34 / Allies) TakkSTAR: yes
(00:39 / Allies) '''LADY''': if u want
(00:44 / Allies) '''LADY''': ok feed me
(00:46 / Allies) '''LADY''': full
(00:47 / Allies) '''LADY''': full
(00:49 / Allies) '''LADY''': i mass
(01:31 / Allies) '''LADY''': feed
(01:34 / Allies) '''LADY''': i need full gold
(02:38 / Allies) '''LADY''': i lvl up and go
(03:17 / Allies) '''LADY''': good i go to ud after
(04:04 / Allies) TakkSTAR: lol
(04:12 / Allies) '''LADY''': xD
(04:56 / Allies) TakkSTAR: get
(04:57 / Allies) TakkSTAR: main
(04:58 / Allies) '''LADY''': main
(05:25 / Allies) '''LADY''': b
(05:49 / All) ImHere: 5 hp
(06:41 / Allies) '''LADY''': blue carta
(07:26 / Allies) '''LADY''': gold
(08:01 / Allies) blue_suck: omw
(09:23 / Allies) TakkSTAR: mass cata
(09:30 / Allies) blue_suck: go
(09:47 / All) samson2309: lady rogue
(10:14 / All) ImHere: stop I'm peaceful
(10:25 / All) samson2309: gg mh
(11:57 / All) samson2309: gg lady chit
(12:15 / All) samson2309: phony
(12:19 / Allies) '''LADY''': b
(12:25 / Allies) '''LADY''': come with lme
(12:31 / Allies) '''LADY''': orange go dry now
(14:27 / Allies) blue_suck: ?
(15:32 / Allies) blue_suck: tp plz
(15:38 / Allies) blue_suck: not
(16:13 / Allies) '''LADY''': need more aa
(16:48 / Allies) blue_suck: meet
(16:51 / Allies) '''LADY''': ex ne
(17:20 / Allies) '''LADY''': they full deff of noob
(18:23 / Allies) '''LADY''': gj
(18:50 / Allies) '''LADY''': expand
(18:51 / Allies) '''LADY''': ne
(18:58 / Allies) blue_suck: 3 exe now
(19:46 / Allies) ImHere: FLEE YOU FOOLS
(19:47 / Allies) TakkSTAR: b
(19:47 / Allies) '''LADY''': b
(19:48 / Allies) '''LADY''': b
(20:11 / Allies) '''LADY''': gold
(20:12 / Allies) '''LADY''': yellow
(20:13 / Allies) '''LADY''': plz
(20:26 / Allies) '''LADY''': ty
(20:43 / Allies) blue_suck: meet?
(20:48 / Allies) blue_suck: red take plz
(20:55 / Allies) '''LADY''': take u
(22:46 / All) '''LADY''': 3v4 easy
(22:48 / All) fucheurope: gg
(22:50 / Allies) TakkSTAR: purple
(22:53 / Allies) TakkSTAR: i hope you die of cancer
(22:58 / Allies) TakkSTAR: still this month
(22:58 / Allies) ImHere: that's rude
(23:07 / Allies) TakkSTAR: 2017
(23:11 / Allies) ImHere: I revealed two expos and you guys did nothing with that info
(23:12 / Allies) TakkSTAR: and people still do this shit
(23:15 / Allies) TakkSTAR: WOW
(23:19 / Allies) TakkSTAR: YOU REVEALED
(23:20 / Allies) TakkSTAR: TWO
(23:20 / Allies) TakkSTAR: EXPOS
(23:22 / Allies) TakkSTAR: THANK YOU
(23:28 / Allies) ImHere: and you guys did nothing with that info